 Dungeon Crawl Stone Soup version 0.22-a0-469-gf26638a (webtiles) character file.

18 galech the Skirmisher (level 2, -2/32 HPs)
             Began as an Ogre Berserker on June 12, 2018.
             Was a Follower of Trog.
             Slain by a gnoll
             ... wielding a +0 whip
              (4 damage)
             ... on level 1 of the Dungeon.
             The game lasted 00:01:20 (1246 turns).

galech the Skirmisher (Ogre Berserker)              Turns: 1246, Time: 00:01:21

Health: -2/32      AC:  3    Str: 20    XL:     2   Next: 66%
Magic:  2/2        EV: 10    Int:  8    God:    Trog [*.....]
Gold:   61         SH:  0    Dex:  8    Spells: 1/1 levels left

rFire    . . .     SeeInvis .   a - +0 mace
rCold    . . .     Gourm    .   (no shield)
rNeg     . . .     Faith    .   b - +0 animal skin
rPois    .         Spirit   .   (helmet restricted)
rElec    .         Reflect  .   (no cloak)
rCorr    .         Harm     .   (gloves unavailable)
MR       .....                  (boots unavailable)
Stlth    +.........             (no amulet)
HPRegen  0.10/turn              (no ring)
MPRegen  0.08/turn              (no ring)

@: no status effects
A: large, unfitting armour, tough skin 1
a: Berserk, Renounce Religion


You were on level 1 of the Dungeon.
You worshipped Trog.
Trog was aware of your devotion.
You were very hungry.

You visited 1 branch of the dungeon, and saw 2 of its levels.

You collected 61 gold pieces.

Inventory:

Hand Weapons
 a - a +0 mace (weapon)
Armour
 b - a +0 animal skin (worn)
Scrolls
 d - a scroll of identify {unknown}
 e - 3 scrolls of remove curse {unknown}
 h - a scroll of teleportation {unknown}
Potions
 f - a potion of berserk rage {unknown}
 g - a potion of flight {unknown}
Comestibles
 c - 3 rations


   Skills:
 + Level 4.2 Fighting
 + Level 3.1 Maces & Flails
 + Level 3.0 Dodging


You had one spell level left.
You didn't know any spells.
Your spell library was empty.

Dungeon Overview and Level Annotations

Branches:
Dungeon (2/15)

Altars:


Innate Abilities, Weirdness & Mutations

You are too large for most types of armour.
You have tough skin. (AC +1)


Message History

The gnoll is moderately wounded.
The gnoll hits you with a whip.
* * * LOW HITPOINT WARNING * * *
The gnoll hits you but does no damage.
You barely miss the gnoll.
The gnoll is moderately wounded.
The gnoll hits you with a whip.
* * * LOW HITPOINT WARNING * * *
You barely miss the gnoll.
The gnoll is moderately wounded.
The gnoll completely misses you.
You barely miss the gnoll.
The gnoll is moderately wounded.
The gnoll barely misses you.
You hit the gnoll.
The gnoll is heavily wounded.
The gnoll hits you with a whip.
* * * LOW HITPOINT WARNING * * *
The gnoll hits you with a whip.
You die...

.# #.......####..........#..#.#..
.# #..........#...#.##.#.##......
.# #.......##.#........#.##......
## ####.##..........##.#.##.##...
######.#####.#.#...>..#..##....#
#......#####.#.#......##.###....
##..#...........#.###.###..##....
...###..##.#####.g..........##..)
........##.# #@.#.#..####.###..
....PPP.##.# #..#..........##.#
...♣♣..PP#.# #.......##.....##.
..P.♣.♣♣...# #.##............##
.♣♣♣♣♣♣....# #.......##.#.#....
.♣♣♣ ♣P...# ####.#####.....##.
..P♣ ♣♣♣♣.## #.# ###.####. .P.♣
♣.♣..# #.# #.# #. #.P♣♣PPP.## #.#
###.#####


You could see a gnoll.

Vanquished Creatures
  A gnoll (D:1)
  A leopard gecko (D:1)
  A bat (D:1)
  A goblin (D:2)
  A frilled lizard (D:1)
  4 rats
  A plant (D:1)
10 creatures vanquished.

Notes
Turn   | Place    | Note
-------+----------+-------------------------------------------
     0 | D:1      | galech the Ogre Berserker began the quest for the Orb.
     0 | D:1      | Reached XP level 1. HP: 24/24 MP: 1/1
   936 | D:1      | Reached XP level 2. HP: 3/32 MP: 2/2
  1246 | D:1      | Slain by a gnoll

Vault maps used:
D:1:      arrival_zaba_pyramid, serial_forest, infiniplex_forest_clump_large,
          infiniplex_forest_lined_2, infiniplex_forest_end_1,
          infiniplex_forest_clump_large, infiniplex_forest_clump_double
D:2:      lemuel_doored_altar, first_ration, minmay_split_cup_small

Skill      XL: |  1 |
---------------+----+-----
Maces & Flails | 3 |  3.1
Dodging        | 3 |  3.0
Fighting       | |  4.2

Action                   || total
-------------------------++-------
Melee: Mace              ||    85
Invok: Berserk           ||     1
  Eat: Chunk             ||     1
Armor: Animal skin       ||    16
Dodge: Dodged            ||    31

Table legend:
 A = Spawn XP
 B = Non-spawn XP
 C = Spawn XP percentage of total XP
 D = Spawn monster count
 E = Non-spawn monster count
 F = Spawn count percentage of total count
 G = Total turns spent on level
                    A         B        C        D         E        F      G
               +---------+---------+-------+---------+---------+-------+---------
         Total |       0 |      26 |   0.0 |       0 |       9 |   0.0 |  1246
               +---------+---------+-------+---------+---------+-------+---------
           D:1 |       0 |      23 |   0.0 |       0 |       7 |   0.0 |  1179
           D:2 |       0 |       3 |   0.0 |       0 |       2 |   0.0 |    67
               +---------+---------+-------+---------+---------+-------+---------
